 Dungeon Crawl Stone Soup version 0.28-a0-413-gde365fb1df (webtiles) character file.

Game seed: 15533568583787684396

61 lunkers the Magician (level 4, -8/33 HPs)
             Began as a Djinni Earth Elementalist on Sept 7, 2021.
             Mangled by an iguana (11 damage)
             ... on level 3 of the Dungeon.
             The game lasted 00:05:14 (2484 turns).

lunkers the Magician (Djinni Earth Elementalist)    Turns: 2484, Time: 00:05:15

Health: -8/33      AC:  2    Str:  7    XL:     4   Next: 27%
Gold:   93         EV: 12    Int: 18    God:
                   SH:  0    Dex: 13

rFire   + + .      SeeInvis .   (no weapon)
rCold   x . .      Faith    .   (no shield)
rNeg    . . .      Spirit   .   b - +0 robe
rPois   ∞          Reflect  .   (no helmet)
rElec   .          Harm     .   (no cloak)
rCorr   .          Rampage  .   (no gloves)
Will    .....                   (boots unavailable)
Stlth   ++........              (no amulet)
HPRegen 0.11/turn               (no ring)
MPRegen 0.00/turn               (no ring)

@: flying
A: sickness immunity, fire resistance 2, cold vulnerability 1, float, innate
caster, hp casting, extra vitality 1
a: no special abilities


You were on level 3 of the Dungeon.
You visited 1 branch of the dungeon, and saw 3 of its levels.

You collected 93 gold pieces.

Inventory:

Missiles
 c - 44 stones
Armour
 b - a +0 robe (worn)
 g - a +0 kite shield
Scrolls
 d - a scroll of vulnerability {unknown}
 f - 2 scrolls of identify {unknown}
 i - a scroll of amnesia {unknown}
 k - a scroll of acquirement {unknown}
 l - a scroll of enchant armour {unknown}
Potions
 a - a potion of invisibility {unknown}
 e - a potion of berserk rage {unknown}
 h - a potion of degeneration {unknown}
 j - 2 potions of curing {unknown}


   Skills:
 + Level 1.8 Fighting
 - Level 2.1 Dodging
 - Level 1.5 Stealth
 * Level 3.4 Spellcasting


You couldn't memorise any spells.
You knew the following spells:

 Your Spells              Type           Power      Damage    Failure   Level
a - Sandblast             Erth           30%        2d9       3%          1
b - Passwall              Tmut/Erth      12%        N/A       6%          2
c - Stone Arrow           Conj/Erth      30%        3d8       12%         3
d - Petrify               Tmut/Erth      15%        N/A       36%         4
e - Pain                  Necr           60%        1d7       3%          1
Your spell library was empty.

Dungeon Overview and Level Annotations

Branches:
Dungeon (3/15)

Altars:
The Shining One

Shops:
D:3 (


Innate Abilities, Weirdness & Mutations

You are immune to sickness and miasma.
You are immune to poison.
Your flesh is very heat resistant. (rF++)
You are vulnerable to cold. (rC-)
You float through the air rather than walking.
You learn spells naturally, not from books.
Your magical power is your life essence.
You have superior vitality. (+4 HP)


Message History

The blast of sand hits the iguana.
The iguana is severely wounded.
c - 47 stones
* * * LOW HITPOINT WARNING * * *
The iguana closely misses you.
Unknown command.
Unknown command.
Casting: Sandblast (safe; 3% risk of failure)
Confirm with . or Enter, or press ? or * to list all spells.
Aiming: Sandblast (safe; 3% risk of failure)
Press: ? - help, Shift-Dir - straight line, f/p - iguana
Aim: an iguana (severely wounded, 82% to hit)
The blast of sand misses the iguana.
c - 46 stones
* * * LOW HITPOINT WARNING * * *
The iguana bites you!
* * * LOW HITPOINT WARNING * * *
Casting: Sandblast (safe; 3% risk of failure)
Confirm with . or Enter, or press ? or * to list all spells.
Aiming: Sandblast (safe; 3% risk of failure)
Press: ? - help, Shift-Dir - straight line, f/p - iguana
Aim: an iguana (severely wounded, 82% to hit)
The blast of sand hits the iguana but does no damage.
The iguana is severely wounded.
c - 45 stones
* * * LOW HITPOINT WARNING * * *
The iguana misses you.
Unknown command.
Unknown command.
Casting: Sandblast (safe; 3% risk of failure)
Confirm with . or Enter, or press ? or * to list all spells.
Aiming: Sandblast (safe; 3% risk of failure)
Press: ? - help, Shift-Dir - straight line, f/p - iguana
Aim: an iguana (severely wounded, 82% to hit)
The blast of sand hits the iguana but does no damage.
The iguana is severely wounded.
c - 44 stones
* * * LOW HITPOINT WARNING * * *
The iguana bites you!
You die...

#####
..#####...########
......#.#........#
#..∩..#####.##
###@### #.#
........l....##.#
############.##)#
#.# #.# #.# ##.##
#...# #.###


You could see an iguana.

Vanquished Creatures
  2 adders (D:2)
  A dart slug (D:1)
  2 ball pythons
  7 endoplasms
  2 giant cockroaches (D:1)
  5 goblins
  4 hobgoblins (D:1)
  6 kobolds
  4 bats (D:1)
  2 frilled lizards (D:1)
  2 rats
37 creatures vanquished.

Notes
Turn   | Place    | Note
-------+----------+-------------------------------------------
     0 | D:1      | lunkers the Djinni Earth Elementalist began the quest for
                  | the Orb.
     0 | D:1      | Reached XP level 1. HP: 15/15 MP: 0/0
   171 | D:1      | Reached XP level 2. HP: 20/22 MP: 0/0
   375 | D:1      | Reached skill level 1 in Fighting
   568 | D:1      | Reached XP level 3. HP: 25/27 MP: 0/0
   568 | D:1      | Learned a level 1 spell: Pain
   593 | D:1      | Reached skill level 3 in Spellcasting
  1435 | D:2      | Reached XP level 4. HP: 10/33 MP: 0/0
  1800 | D:2      | Found a glowing golden altar of the Shining One.
  2192 | D:2      | Found a faded altar of an unknown god.
  2466 | D:3      | Found Ycapaece's Weapon Shop.
  2484 | D:3      | Mangled by an iguana

Illustrated notes

Levels and vault maps discovered:
D:1:      lightli_arrival_chessboard, layout_loops_ring, minmay_misc_feat_room
D:2:      layout_loops_ring, dilly_ecumenical_altar_fadedgnrine, basic_altar
D:3:      layout_basic, serial_shops, nicolae_shop_behind_doors, shop,
          nicolae_lakefront_shop, nicolae_shop_crystal, uniq_sigmund

Skill      XL: |  1  2  3 |
---------------+----------+-----
Fighting       | 1 |  1.8
Spellcasting   | 3 |  3.4
Dodging        | |  2.1
Stealth        | |  1.5

Action                   |  1- 3 |  4- 6 || total
-------------------------+-------+-------++-------
 Cast: Sandblast         |    33 |    13 ||    46
       Stone Arrow       |    11 |     3 ||    14
Armor: Robe              |     1 |     1 ||     2
Dodge: Dodged            |     6 |     6 ||    12

Table legend: (Time is in decaauts)
 A = Elapsed time spent in this place.
 B = Non-inter-level travel time spent in this place.
 C = Inter-level travel time spent in this place.
 D = Time resting spent in this place.
 E = Time spent auto-exploring this place.
 F = Levels seen in this place.
 G = Mean time per level.
                   A        B        C        D        E       F      G
               +--------+--------+--------+--------+--------+-----+--------+
         Total |   2483 |   2470 |     13 |      0 |   2247 |   3 |  827.7 |
       Dungeon |   2483 |   2470 |     13 |      0 |   2247 |   3 |  827.7 |
               +--------+--------+--------+--------+--------+-----+--------+

Top non-repeatable levels by time:
     D:1: 1310 daAuts
     D:2: 1041 daAuts
     D:3: 131 daAuts
